 Dungeon Crawl Stone Soup version 0.29.1-1-gd02db6906a (webtiles) character file.

Game seed: 6966896924732090973

8 Ashen the Firebug (level 2, 20/20 HPs)
             Began as a Demonspawn Fire Elementalist on Oct 12, 2022.
             Got out of the dungeon alive.
             The game lasted 00:01:02 (638 turns).

Ashen the Firebug (Demonspawn Fire Elementalist)     Turns: 638, Time: 00:01:02

Health: 20/20      AC:  3    Str:  8    XL:     2   Next: 0%
Magic:  4/5        EV: 12    Int: 16    God:
Gold:   78         SH:  0    Dex: 13    Spells: 4/5 levels left

rFire   . . .      SeeInvis .   (no weapon)
rCold   . . .      Faith    .   (no shield)
rNeg    . . .      Spirit   .   a - +0 robe
rPois   .          Reflect  .   e - +0 helmet
rElec   .          Harm     .   (no cloak)
rCorr   .          Rampage  .   (no gloves)
Will    .....                   (no boots)
Stlth   ++........              (no amulet)
HPRegen 0.06/turn               (no ring)
MPRegen 0.09/turn               (no ring)

@: no status effects
A: demonic guardian 1
a: no special abilities


You escaped.
You visited 1 branch of the dungeon, and saw 2 of its levels.

You collected 78 gold pieces.

Inventory:

Armour
 a - a +0 robe (worn)
 d - a +0 buckler
 e - a +0 helmet (worn)
Scrolls
 f - a scroll of torment {unknown}
 h - a scroll of identify {unknown}
Potions
 b - a potion of magic
 c - a potion of ambrosia {unknown}
 g - a potion of heal wounds {unknown}


   Skills:
 + Level 0.5 Fighting
 + Level 1.9 Dodging
 + Level 1.9 Stealth
 + Level 2.0 Spellcasting
 + Level 1.2 Conjurations
 + Level 2.7 Fire Magic


You had 4 spell levels left.
You knew the following spells:

 Your Spells              Type           Power      Damage    Failure   Level
a - Foxfire               Conj/Fire      32%        2x1d5     9%          1

Your spell library contained the following spells:

 Spells                   Type           Power      Damage    Failure   Level
 Scorch                   Fire           20%        2d6       10%         2
 Conjure Flame            Conj/Fire      8%         6-21      26%         3
 Ensorcelled Hibernation  Hex/Ice        2%         N/A       30%         2
 Inner Flame              Hex/Fire       6%         N/A       34%         3
 Spider Form              Tmut/Pois      1%         N/A       52%         3
 Flame Wave               Conj/Fire      8%         2d5       65%         4
 Anguish                  Hex/Necr       0%         N/A       90%         4


Dungeon Overview and Level Annotations

Branches:
Dungeon (2/15)

Altars:

Shops:
D:1 (


Innate Abilities, Weirdness & Mutations

A weak demonic guardian rushes to your aid.


Message History

Found a stone staircase leading down.
A ball python comes into view.
Found a puce potion.
There is a stone staircase leading down here.
Casting: Foxfire (safe; 10% risk of failure)
Confirm with . or Enter, or press ? or * to list all spells.
You conjure some foxfire!
The foxfire hits the ball python.
The ball python is severely wounded.
The foxfire hits the ball python.
You kill the ball python!
Found a robe.
g - a puce potion
h - a scroll labelled HEMOXKESHO
Found Ciluytz's Antique Weapon Shoppe.
There is an entrance to Ciluytz's Antique Weapon Shoppe here.
You see here a +0 robe.
Found a stone staircase leading down.
Done exploring.
Done exploring.
There is a stone staircase leading down here.
You climb downwards.
Found 4 poisoned darts.
There is a stone staircase leading up here.
You conjure some foxfire!
You conjure some foxfire!
The foxfire hits the giant cockroach.
The giant cockroach is heavily wounded.
The foxfire hits the giant cockroach.
The giant cockroach is severely wounded.
The foxfire hits the giant cockroach.
You kill the giant cockroach!
You have reached level 2!
Your demonic ancestry asserts itself...
You feel the presence of a demonic guardian.
You climb upwards.
There is a stone staircase leading down here.
There is a staircase leading out of the dungeon here.
Are you sure you want to leave the Dungeon?
This will make you lose the game!
You have escaped!

#####....#.#.#.#.#.#.#.#...#.†...
...######...............#########
##'## #......#..........# # ....#
##.......#.......## #
....####.....#....#......# #
....'..##...........#...## #
..(.##.#....#.#.#.#...#..# #
.......##...............## #
######.#...#..#.@.#..#...# #
.......##...............## #
########..#...#.#.#.#....# #
###### ##...#...........## #
.....# #......#....#.....# #
..##+####.......#.......## #
#......#..........#......# #
##.....##...............#### ####
##.....+.#.#.#.#.#.#.#.#...# #...


There were no monsters in sight!

Vanquished Creatures
  An endoplasm (D:1)
  3 giant cockroaches
  A goblin (D:1)
  2 ball pythons (D:1)
7 creatures vanquished.

Vanquished Creatures (others)
  17 foxfires
17 creatures vanquished.

Grand Total: 24 creatures vanquished

Notes
Turn   | Place    | Note
-------+----------+-------------------------------------------
     0 | D:1      | Ashen the Demonspawn Fire Elementalist began the quest for
                  | the Orb.
     0 | D:1      | Reached XP level 1. HP: 13/13 MP: 3/3
   491 | D:1      | Found Ciluytz's Antique Weapon Shoppe.
   606 | D:2      | Gained mutation: A weak demonic guardian rushes to your
                  | aid. [demonic ancestry]
   606 | D:2      | Reached XP level 2. HP: 20/20 MP: 1/5
   638 | D:$      | Got out of the dungeon alive.

Illustrated notes

Levels and vault maps discovered:
D:1:      co_arrival_square_in_a_square_in_a_square, layout_basic, serial_shops,
          shop
D:2:      layout_loops_cross, shapermc_ecumenical_altar_hornbeckon,
          bh_walls_and_bars

Action                   || total
-------------------------++-------
Melee: Unarmed           ||     4
 Cast: Foxfire           ||    11
Dodge: Dodged            ||     1
